 Dungeon Crawl Stone Soup version 0.32-a0-22-g6ae6769602 (webtiles) character file.

Game seed: 11693786160423262787

144 kae the Magician (level 5, -2/28 HPs)
             Began as a Deep Elf Air Elementalist on Jan 18, 2024.
             Killed from afar by an orc wizard (8 damage)
             ... with a puff of flame
             ... on level 3 of the Dungeon.
             The game lasted 00:02:26 (2039 turns).

kae the Magician (Deep Elf Air Elementalist)        Turns: 2039, Time: 00:02:27

Health: -2/28      AC:  2    Str:  5    XL:     5   Next: 5%
Magic:  3/13       EV: 12    Int: 22    God:
Gold:   182        SH:  0    Dex: 15    Spells: 9/12 levels left

rFire   . . .        e - +2 whip (pain)
rCold   . . .        (no shield)
rNeg    . . .        a - +0 robe
rPois   .            (no helmet)
rElec   .            (no cloak)
rCorr   .            (no gloves)
SInv    .            (no boots)
Will    .....        (no amulet)
Stlth   ++           L - ring of flight
HPRegen 0.24/turn    (no ring)
MPRegen 0.13/turn

%: no passive effects
@: attractive, flying
A: no striking features
a: no special abilities


You were on level 3 of the Dungeon.
You visited 1 branch of the dungeon, and saw 4 of its levels.

You collected 182 gold pieces.


   Skills:
 - Level 2.4 Dodging
 - Level 2.4 Stealth
 + Level 4.3 Spellcasting
 * Level 3.9 Conjurations
 + Level 3.8 Air Magic


You had 9 spell levels left.
You knew the following spells:

 Your Spells              Type           Power      Damage    Failure   Level
a - Shock                 Conj/Air       84%        1d8       2%          1
b - Static Discharge      Conj/Air       42%        3-5/arc   3%          2

Your spell library contained the following spells:

 Spells                   Type           Power      Damage    Failure   Level
 Swiftness                Air            21%        N/A       7%          3
 Momentum Strike          Conj/Tloc      26%        3d8       8%          2
 Blink                    Tloc           8%         N/A       16%         2
 Lesser Beckoning         Tloc           8%         N/A       16%         2
 Airstrike                Air            10%        2d(2-18)  22%         4

Inventory:

Hand Weapons
 e - a +2 whip of pain (weapon)
   (You took it off a kobold on level 1 of the Dungeon)
Missiles
 d - 39 stones
 p - 5 boomerangs
Armour
 a - a +0 robe (worn)
Jewellery
 L - a ring of flight (left hand)
   (You found it on level 1 of the Dungeon)
Scrolls
 g - 3 scrolls of enchant weapon {unknown}
 i - 3 scrolls of teleportation {@r4}
 m - a scroll of noise {unknown}
 o - a scroll of identify {@r1}
Potions
 b - a potion of magic
 c - 2 potions of mutation {unknown}
 f - a potion of resistance {unknown}
 h - a potion of enlightenment {unknown}
 j - 4 potions of curing {unknown}
 k - a potion of cancellation {unknown}
 l - a potion of brilliance

Dungeon Overview and Level Annotations

Branches:
Dungeon (4/15) Zot: 21960
 Temple: D:4-7

Altars:
Qazlal

####### ##?....#
#......# ####.#.♣..#
.....)..o.#######
###########@.....)..
#.........#.........
'.........'.........
#.........#..)..)...
.#.........#.........
..
.#.........#.........
.#
.#.........#.###.....
.#
.#.........#.###.####
.#
.......##..)........


You could see an orc wizard.


Message History

Aiming: Shock (safe; 2% risk of failure)
Press: ? - help, Shift-Dir - straight line The zap misses the orc wizard.
The zap hits the orc wizard.
Casting: Shock (safe; 2% risk of failure)
Confirm with . or Enter, or press ? or * to list all spells.
Aiming: Shock (safe; 2% risk of failure)
Press: ? - help, Shift-Dir - straight line The zap hits the orc wizard.
The orc wizard points at you and mumbles some strange words.
You are confused. 😎 MP[-1]
You lost 1 mp, and now have 4/13 mp.
You're too confused to cast spells.
You're too confused to cast spells.
You're too confused to cast spells.
It was a potion of attraction.
You feel attractive to monsters.
Unknown command.
Unknown command.
The orc wizard attacks as it pursues you!
The orc wizard hits you with a +0 dagger. 😕 HP[-2]
You take 2 damage, and now have 26/28 hp.
Unknown command.
The orc wizard gestures at you while chanting.
You are more confused.
The orc is attracted toward you. The orc wizard is attracted toward you.
You bump into the rock wall.
The orc hits you with a +0 falchion.
The orc wizard barely misses you. 😕 HP[-4]
You take 4 damage, and now have 22/28 hp.
Unknown command.
The orc hits you with a +0 falchion.
The orc wizard hits you with a +0 dagger. 😮 HP[-4]
You take 4 damage, and now have 18/28 hp.
Unknown command.
The orc wizard gestures at you while chanting.
The magic dart hits you.
* * * LOW HITPOINT WARNING * * *
😨 HP[-4]
You take 4 damage, and now have 14/28 hp.
Unknown command.
The orc wizard hits you but does no damage. 😮 HP[+1] MP[+1] Unknown command.
You hit the orc.
The orc wizard hits you but does no damage.
The orc hits you with a +0 falchion.
* * * LOW HITPOINT WARNING * * *
😨 HP[-2]
You take 2 damage, and now have 13/28 hp.
Unknown command.
You hit the orc.
You kill the orc!
The orc wizard hits you but does no damage.
Unknown command.
The orc wizard closely misses you.
Things that are here:
a +0 falchion; a boomerang; an orc corpse Unknown command.
You bump into the rock wall.
The orc wizard closely misses you. 😨 HP[+1] Unknown command.
You barely miss the orc wizard. The orc wizard barely misses you.
Unknown command.
You feel less confused.
Unknown command.
Casting: Shock (safe; 2% risk of failure)
Confirm with . or Enter, or press ? or * to list all spells.
Aiming: Shock (safe; 2% risk of failure)
Press: ? - help, Shift-Dir - straight line, f - orc wizard
Aim: an orc wizard, wielding a +0 dagger and wearing a +0 robe (moderately wounded, 67% to hit)
The zap hits the orc wizard.
The orc wizard points at you and mumbles some strange words.
The magic dart hits you!
* * * LOW HITPOINT WARNING * * *
😱 HP[-8]
You take 8 damage, and now have 6/28 hp.
MASSIVE DAMAGE!! (PAUSE)
Casting: Shock (safe; 2% risk of failure)
Confirm with . or Enter, or press ? or * to list all spells.
Aiming: Shock (safe; 2% risk of failure)
Press: ? - help, Shift-Dir - straight line, f/p - orc wizard
Aim: an orc wizard, wielding a +0 dagger and wearing a +0 robe (severely wounded, 67% to hit)
The zap hits the orc wizard.
The orc wizard hits you with a +0 dagger.
* * * LOW HITPOINT WARNING * * *
😱 MP[-1]
You lost 1 mp, and now have 4/13 mp.
Unknown command.
Casting: Shock (safe; 2% risk of failure)
Confirm with . or Enter, or press ? or * to list all spells.
Aiming: Shock (safe; 2% risk of failure)
Press: ? - help, Shift-Dir - straight line, f/p - orc wizard
Aim: an orc wizard, wielding a +0 dagger and wearing a +0 robe (severely wounded, 67% to hit)
The zap misses the orc wizard.
The orc wizard points at you and mumbles some strange words.
The puff of flame hits you!
You die...

Skill      XL: |  1  2  3 |
---------------+----------+-----
Conjurations   | 2 3 |  3.9
Spellcasting   | 4 |  4.3
Dodging        | |  2.4
Stealth        | |  2.4
Air Magic      | |  3.8

Action                     |  1- 3 |  4- 6 || total
---------------------------+-------+-------++-------
  Melee: Whip              |    13 |     4 ||    17
   Cast: Shock             |    97 |    32 ||   129
    Use: Scroll            |     2 |       ||     2
         Potion            |       |     1 ||     1
   Stab: Distracted        |     1 |       ||     1
         Sleeping          |       |     1 ||     1
 Armour: Robe              |    19 |    15 ||    34
  Dodge: Dodged            |    17 |     6 ||    23

Levels and vault maps discovered:
D:1:      onia_arrival_handbag, layout_loops_cross
D:2:      minmay_kobold_bridge, layout_basic
D:3:      layout_basic, xom_redecorated, chequers_ecumenical_altar_twisty,
          nrook_loot_triangle, chequers_mini_garden
D:4:      layout_loops_ring, nicolae_qazlal_general_emergency, uniq_pikel

Notes
Turn   | Place    | Note
-------+----------+-------------------------------------------
     0 | D:1      | kae the Deep Elf Air Elementalist began the quest for the
                  | Orb.
     0 | D:1      | Reached XP level 1. HP: 10/10 MP: 6/6
     0 | D:1      | magus.rc [v1.11.3]
   168 | D:1      | Reached XP level 2. HP: 15/15 MP: 4/8
   222 | D:1      | Learned a level 2 spell: Static Discharge
   317 | D:1      | Reached skill level 2 in Conjurations
   616 | D:1      | Reached XP level 3. HP: 19/19 MP: 2/10
  1348 | D:2      | You are sucked into a shaft and drop 2 floors!
  1360 | D:4      | Reached skill level 3 in Conjurations
  1463 | D:4      | Noticed an ogre
  1465 | D:4      | Reached skill level 4 in Spellcasting
  1465 | D:4      | Reached XP level 4. HP: 24/24 MP: 6/12
  1508 | D:4      | Found a stormy altar of Qazlal.
  1701 | D:3      | You pick up a book of Spatial Translocations and begin
                  | reading...
  1701 | D:3      | You add the spells Blink, Momentum Strike and Lesser
                  | Beckoning to your library.
  1803 | D:3      | Found a faded altar of an unknown god.
  2022 | D:3      | Reached XP level 5. HP: 28/28 MP: 5/13
  2037 | D:3      | HP: 6/28 [orc wizard/magic dart (8)]
  2039 | D:3      | Killed from afar by an orc wizard

Vanquished Creatures
  An orc priest (D:3)
  A hound (D:4)
  An adder (D:4)
  4 dart slugs (D:1)
  5 orcs (D:3)
  4 endoplasms
  2 giant cockroaches
  4 hobgoblins
  2 jackals (D:1)
  5 quokkas
  3 ball pythons (D:1)
  6 bats
  A frilled lizard (D:1)
  4 goblins
  10 kobolds
  9 rats
62 creatures vanquished.

Table legend:
 A = Non-vault XP
 B = Vault XP
 C = Vault XP percentage of total XP
 D = Non-vault monster count
 E = Vault monster count
 F = Vault count percentage of total count
                 A         B        C        D         E       F
            +---------+---------+-------+---------+---------+-------
      Total |     195 |      11 |   5.3 |      53 |       9 |  14.5
            +---------+---------+-------+---------+---------+-------
        D:1 |      60 |       5 |   7.7 |      32 |       4 |  11.1
        D:2 |       3 |       6 |  66.7 |       2 |       5 |  71.4
        D:3 |      71 |       0 |   0.0 |      14 |       0 |   0.0
        D:4 |      61 |       0 |   0.0 |       5 |       0 |   0.0
            +---------+---------+-------+---------+---------+-------

Skill      XL: |  1  2  3 |
---------------+----------+-----
Conjurations   | 2 3 |  3.9
Spellcasting   | 4 |  4.3
Dodging        | |  2.4
Stealth        | |  2.4
Air Magic      | |  3.8

Action                     |  1- 3 |  4- 6 || total
---------------------------+-------+-------++-------
  Melee: Whip              |    13 |     4 ||    17
   Cast: Shock             |    97 |    32 ||   129
    Use: Scroll            |     2 |       ||     2
         Potion            |       |     1 ||     1
   Stab: Distracted        |     1 |       ||     1
         Sleeping          |       |     1 ||     1
 Armour: Robe              |    19 |    15 ||    34
  Dodge: Dodged            |    17 |     6 ||    23

Illustrated notes

Table legend:
 A = Kills in this place as a percentage of kills in the entire game.
 B = Kills by you in this place as a percentage of kills by you in the entire game.
 C = Kills by friends in this place as a percentage of kills by friends in the entire game.
 D = Other kills in this place as a percentage of other kills in the entire game.
 E = Experience gained in this place as a percentage of experience gained in the entire game.
 F = Experience gained in this place divided by the number of levels of this place that you have seen.
                   A       B       C       D       E      F
               +-------+-------+-------+-------+-------+----------------------
         Total | 100.0 | 100.0 |   N/A |   N/A | 100.0 |  51.5
       Dungeon | 100.0 | 100.0 |   N/A |   N/A | 100.0 |  51.5
               +-------+-------+-------+-------+-------+----------------------

Table legend: (Time is in decaauts)
 A = Elapsed time spent in this place.
 B = Non-inter-level travel time spent in this place.
 C = Inter-level travel time spent in this place.
 D = Time resting spent in this place.
 E = Time spent auto-exploring this place.
 F = Levels seen in this place.
 G = Mean time per level.
                   A        B        C        D        E       F      G
               +--------+--------+--------+--------+--------+-----+--------+
         Total |   2038 |   2016 |     22 |     29 |   1618 |   4 |  509.5 |
       Dungeon |   2038 |   2016 |     22 |     29 |   1618 |   4 |  509.5 |
               +--------+--------+--------+--------+--------+-----+--------+

Top non-repeatable levels by time:
     D:1: 1100 daAuts
     D:3: 490 daAuts
     D:2: 247 daAuts
     D:4: 200 daAuts
